 Dungeon Crawl Stone Soup version 0.20.1-1-g8b1a95d (webtiles) character file.

87472 voivode the Nimble (level 15, -3/85 HPs)
             Began as a Vine Stalker Wanderer on July 26, 2017.
             Was a High Priest of Fedhas.
             Killed from afar by a deep elf knight (25 damage)
             ... with a shard of ice
             ... on level 15 of the Dungeon on July 29, 2017.
             The game lasted 03:11:52 (30344 turns).

voivode the Nimble (Vine Stalker Wanderer)         Turns: 30344, Time: 03:11:53

Health: -3/85      AC: 25    Str: 19    XL:     15   Next: 90%
Magic:  0/16       EV: 14    Int: 14    God:    Fedhas [*****.]
Gold:   2162       SH:  0    Dex: 22    Spells: 14/14 levels left

rFire    . . .     SeeInvis .   b - +8 flail of voivode's Doom {flame, +Fly Str+4}
rCold    . . .     Gourm    .   (no shield)
rNeg     . . .     Faith    .   y - +9 plate armour of Ycev {MR+}
rPois    .         Spirit   +   F - +0 helmet
rElec    .         Reflect  .   (no cloak)
rCorr    .         Harm     .   e - +0 pair of gloves {archery}
MR       +++..                  Q - +0 pair of boots
Stlth    ..........             k - amulet of regeneration
Regen    1.5/turn               c - +4 ring of dexterity
MPRegen  0.2/turn               I - ring of protection from magic

@: slowed, studying Dodging, very slow
A: fangs 3, regeneration 2, magic shield, antimagic bite, no potion heal 3, rot
immunity
a: Fungal Bloom, Evolution, Sunlight, Growth, Reproduction, Rain, Renounce
Religion, Evoke Flight


You were on level 15 of the Dungeon.
You worshipped Fedhas.
Fedhas was extremely pleased with you.
You were not hungry.

You visited 4 branches of the dungeon, and saw 24 of its levels.
You also visited: Ice Cave.

You collected 2162 gold pieces.

Inventory:

Hand Weapons
 a - a +3 hunting sling of flaming
 b - the +8 flail of voivode's Doom (weapon) {flame, +Fly Str+4}
   (You took it off an efreet on level 9 of the Dungeon)

   It has been specially enchanted to burn those struck by it, causing extra
   injury to most foes and up to half again as much damage against particularly
   susceptible opponents.
   It affects your strength (+4).
   It lets you fly.
 G - a +0 longbow
 U - a +5 morningstar
Missiles
 d - 3 throwing nets (quivered)
 f - 364 arrows
 l - 456 stones
 n - 145 sling bullets
 D - 5 poisoned needles
Armour
 e - a +0 pair of gloves of archery (worn)
 y - the +9 plate armour of Ycev (worn) {MR+}
   (You found it on level 9 of the Dungeon)

   It affects your resistance to hostile enchantments.
 F - a +0 helmet (worn)
 Q - a +0 pair of boots (worn)
Jewellery
 c - a +4 ring of dexterity (left hand)
 k - an amulet of regeneration (around neck)
 I - a ring of protection from magic (right hand)
Wands
 q - a wand of acid (4/15)
 v - a wand of iceblast (8/15)
 x - a wand of confusion (25/48)
 C - a wand of iceblast (2/15)
 H - a wand of enslavement (11/24)
 J - a wand of acid (9/15)
 M - a wand of confusion (18/48)
Scrolls
 t - 8 scrolls of teleportation
 u - a scroll of recharging
 z - 2 scrolls of enchant armour
 B - 2 scrolls of remove curse
 E - 2 scrolls of amnesia
 N - 3 scrolls of identify
 O - 2 scrolls of blinking
 P - 4 scrolls of fear
 X - 3 scrolls of magic mapping
Potions
 h - 6 potions of magic
 i - 2 potions of haste
 p - 3 potions of agility
 w - 2 potions of resistance
 A - 6 potions of lignification
 L - 4 potions of curing
 R - a potion of flight {unknown}
 S - 2 potions of invisibility
 V - a potion of berserk rage {unknown}
 Y - 5 potions of might
Books
 m - a manual of Dodging
Miscellaneous
 r - a lamp of fire
Comestibles
 g - 7 bread rations
 j - 23 royal jellies
 o - 26 fruits
 s - 6 meat rations
 K - 2 chunks of flesh


   Skills:
 - Level 12.8 Fighting
   Level 1.0 Short Blades
 * Level 9.7 Maces & Flails
 - Level 6.2 Slings
 - Level 12.0 Bows
 + Level 5.9 Armour
 + Level 13.4 Dodging
 - Level 8.3 Stealth


You had 14 spell levels left.
You didn't know any spells.

Dungeon Overview and Level Annotations

Branches:
Dungeon (15/15)            Temple (1/1) D:4            Lair (6/6) D:9
 Shoals (0/4) Lair:2        Snake (0/4) Lair:2        Slime (0/5) Lair:5
    Orc (2/2) D:12            Elf (0/3) Orc:2        Vaults (0/5) D:13
 Depths: D:15

Altars:
Ashenzari
Cheibriados
Dithmenos
Elyvilon
Fedhas
Gozag
Hepliaklqana
Kikubaaqudgha
Makhleb
Nemelex Xobeh
Okawaru
Qazlal
Ru
Sif Muna
Trog
Uskayaw
Vehumet
Xom
Yredelemnul
Zin
The Shining One

Shops:
D:4 :   D:7 :   D:8 }   D:10 =[*}*   D:12 *   D:13 %   Orc:2 ([(*%

Portals:
Trove: D:10 (give +7 demon whip)

Annotations:
D:2 exclusion: downstairs
D:5 Agrougrou's ghost, novice DsFi
D:6 Menkaure
Lair:2 exclusion: door


Innate Abilities, Weirdness & Mutations

You have razor-sharp teeth.
You heal very quickly.
When hurt, damage is shared between your health and your magic reserves.
Your bite disrupts and absorbs the magic of your enemies.
Potions cannot restore your health.
You are immune to rotting.


Message History

You are knocked back by the lance of force.
You slam into the rock wall!
The deep elf knight points at you and mumbles some strange words.
The shard of ice hits you!
Your wandering mushroom releases spores at the tengu conjurer.
The tengu conjurer dies!
There is a stone staircase leading up here.
You miss the deep elf knight. You bite the deep elf knight.
The deep elf knight's magic leaks into the air.
You drain its magic.
You feel invigorated.
The deep elf knight is lightly wounded.
Being near the torpor snail leaves you feeling lethargic.
The deep elf knight casts a spell at you.
The shard of ice hits you!
* * * LOW HITPOINT WARNING * * *
A torpor snail comes into view.
The deep elf knight points at you and mumbles some strange words.
The shard of ice hits you!
You die...
Fedhas appreciates your contribution to the ecosystem.

#.......#
#.......#
#.......#
#.......#
#.......#
........#
#.....#
#...f@#
#...<.#
#...e.#
#w#.#..#
..#.)...#
##
#.)...#
#.....#
.......#
........#


You could see a torpor snail, a deep elf knight and a friendly wandering
mushroom.

Vanquished Creatures
  An orc warlord (Orc:2)
  Josephine (D:12)
  Harold (D:12)
  Fannar (D:10)
  3 hydras
  A centaur warrior (D:14)
  A death knight (D:14)
  2 ogre magi (Orc:2)
  A catoblepas (Lair:6)
  2 dancing weapons (D:13)
  14 two-headed ogres
  Nergalle (D:12)
  Sonja (Orc:1)
  An unseen horror (D:14)
  2 deep trolls (Orc:2)
  2 deep elf magi
  An orc sorcerer (D:15)
  A manticore (D:12)
  10 ugly things
  4 cyclopes
  5 elephants (Lair:5)
  Maurice (D:8)
  3 centaur zombies
  4 black mambas
  3 spiny frogs
  4 gargoyles
  7 komodo dragons
  A yaktaur (D:15)
  2 kobold demonologists
  An efreet (D:9)
  2 tengu conjurers (D:14)
  2 ice devils (Orc:2)
  14 trolls
  10 polar bears
  Prince Ribbit (D:6)
  Grinder (D:3)
  A raiju (Lair:6)
  16 slime creatures
  11 hippogriffs
  3 blink frogs (Lair:6)
  A dream sheep (D:10)
  3 wyverns
  7 wraiths
  25 yaks
  A centaur simulacrum (D:14)
  A shadow (D:13)
  2 basilisks
  5 hungry ghosts
  3 vampire mosquitoes (D:12)
  The ghost of n0ize the Bolt Thrower, an amateur BaHu (D:3)
  A steam dragon (D:7)
  Eustachio (D:5)
  9 wargs
  4 nagas (Lair:2)
  4 acid dragons
  2 soldier ants
  10 hell hounds (Lair:6)
  7 porcupines
  Duvessa (D:4)
  27 water moccasins
  2 swamp drakes
  3 sky beasts
  22 orc warriors
  17 black bears
  A necrophage (D:6)
  A hornet zombie (D:13)
  33 wolves
  3 phantoms
  4 ice beasts
  22 ogres
  9 centaurs
  A crocodile (shapeshifter) (D:12)
  9 crocodiles
  4 big kobolds
  3 wandering mushrooms
  17 bullfrogs
  A gnoll sergeant (D:9)
  Dowan (D:4)
  2 wyvern skeletons
  3 scorpions
  A killer bee (Lair:2)
  9 wights
  2 electric eels
  2 howler monkeys
  4 crimson imps
  A quasit (D:5)
  6 jellies
  29 orc wizards
  8 centaur skeletons
  8 hounds
  24 orc priests
  2 bullfrog skeletons
  7 iguanas
  8 worker ants
  9 gnolls
  28 adders
  5 shadow imps
  An adder skeleton (D:4)
  2 worms
  A dart slug (D:2)
  6 leopard geckos
  69 orcs
  2 ball pythons
  7 giant cockroaches
  6 goblins
  5 hobgoblins
  15 jackals
  14 kobolds
  5 quokkas
  6 bats
  3 frilled lizards
  A jackal skeleton (D:5)
  7 rats
  5 toadstools
724 creatures vanquished.

Vanquished Creatures (collateral kills)
  A dire elephant (Lair:6)
  Erolcha (D:10)
  A hydra (D:10)
  3 two-headed ogres
  An unseen horror (D:13)
  A deep elf mage (D:9)
  An ugly thing (D:12)
  2 elephants (Lair:5)
  2 spiny frogs (Lair:6)
  2 komodo dragons
  A tengu conjurer (D:15)
  A troll (Orc:2)
  A slime creature (D:12)
  A dream sheep (D:10)
  A hippogriff (Lair:2)
  10 yaks
  A basilisk (Lair:6)
  A warg (Orc:2)
  4 hell hounds (Lair:6)
  2 water moccasins
  A porcupine (Lair:5)
  5 orc warriors
  An eye of draining (D:9)
  A phantom (D:13)
  5 ogres
  4 wolves
  A crocodile (Lair:4)
  A big kobold (D:10)
  2 bullfrogs (Lair:2)
  A killer bee (D:9)
  An electric eel (Lair:4)
  A howler monkey (D:14)
  2 crimson imps
  2 hounds
  An orc priest (Orc:1)
  4 orc wizards
  An iguana (D:8)
  2 worker ants
  3 adders
  2 gnolls (Orc:2)
  A shadow imp (D:9)
  12 orcs
92 creatures vanquished.

Vanquished Creatures (others)
  2 oklob plants
  A wolf spider zombie (D:13)
  A steam dragon (D:9)
  41 wandering mushrooms
  A wolf (Lair:2)
  An orc wizard (Orc:1)
  2 worker ant zombies (D:9)
  26 fungi
  24 plants
  596 toadstools
695 creatures vanquished.

Grand Total: 1511 creatures vanquished

Notes
Turn   | Place    | Note
-------+----------+-------------------------------------------
     0 | D:1      | voivode the Vine Stalker Wanderer began the quest for the Orb.
     0 | D:1      | voivode set off with: a +2 shortbow, 21 arrows, a potion of lignification, a scroll of teleportation, a +0 robe, a +0 dagger, a bread ration
     0 | D:1      | Reached XP level 1. HP: 11/11 MP: 2/2
   550 | D:1      | Reached XP level 2. HP: 16/16 MP: 3/3
  1605 | D:2      | Reached XP level 3. HP: 20/20 MP: 4/4
  2124 | D:2      | Gained mutation: Your natural rate of healing is unusually fast. [Vine Stalker growth]
  2124 | D:2      | Reached XP level 4. HP: 18/24 MP: 5/5
  2401 | D:2      | Reached skill level 5 in Stealth
  2684 | D:2      | Reached XP level 5. HP: 29/29 MP: 6/6
  3266 | D:3      | Noticed n0ize's ghost (amateur BaHu)
  3281 | D:3      | Found a white marble altar of Elyvilon.
  3437 | D:3      | Killed n0ize's ghost
  3437 | D:3      | Reached XP level 6. HP: 33/34 MP: 4/7
  4425 | D:4      | Noticed Duvessa
  4430 | D:4      | Noticed Grinder
  4469 | D:3      | Reached skill level 5 in Fighting
  4526 | D:4      | Noticed Dowan
  4579 | D:4      | Found a shattered altar of Ashenzari.
  4604 | D:3      | Killed Grinder
  4604 | D:3      | Reached XP level 7. HP: 31/39 MP: 3/8
  4930 | D:4      | Killed Duvessa
  4931 | D:4      | Killed Dowan
  5238 | D:4      | Reached skill level 2 in Dodging
  5238 | D:4      | Gained mutation: You have razor-sharp teeth. [Vine Stalker growth]
  5238 | D:4      | Reached XP level 8. HP: 31/43 MP: 5/9
  5362 | D:4      | Found a staircase to the Ecumenical Temple.
  5378 | Temple   | Entered the Ecumenical Temple
  5501 | Temple   | Became a worshipper of Fedhas Madash
  5623 | D:4      | Reached skill level 3 in Dodging
  5846 | D:4      | Found Vonlysh's Book Shop.
  6241 | D:5      | Entered Level 5 of the Dungeon
  6326 | D:5      | Noticed Eustachio
  6361 | D:5      | Killed Eustachio
  6361 | D:5      | Reached skill level 4 in Dodging
  6703 | D:5      | Reached skill level 1 in Slings
  7293 | D:5      | Noticed Agrougrou's ghost (novice DsFi)
  7395 | D:6      | Noticed Prince Ribbit
  7409 | D:6      | Killed Prince Ribbit
  7409 | D:6      | Reached skill level 5 in Dodging
  7504 | D:6      | Reached XP level 9. HP: 47/47 MP: 10/10
  7843 | D:6      | Noticed Menkaure
  7950 | D:6      | Reached * piety under Fedhas
  8255 | D:6      | Reached skill level 6 in Dodging
  8565 | D:7      | Found an iron altar of Okawaru.
  8703 | D:7      | Found a burning altar of Makhleb.
  8807 | D:7      | Found a bloodstained altar of Trog.
  8979 | D:7      | Found Fawuot's Book Emporium.
  9031 | D:7      | Found a shadowy altar of Dithmenos.
  9597 | D:8      | Noticed a two-headed ogre
  9600 | D:8      | Reached skill level 5 in Slings
  9612 | D:8      | Killed a two-headed ogre
  9612 | D:8      | Reached skill level 7 in Dodging
  9780 | D:8      | Reached XP level 10. HP: 51/51 MP: 11/11
 10123 | D:8      | Found Addaoleune's Gadget Emporium.
 10334 | D:8      | Noticed Maurice
 10605 | D:8      | Killed Maurice
 10965 | D:9      | Noticed a two-headed ogre
 10976 | D:9      | Noticed a deep elf mage
 10986 | D:9      | Killed a deep elf mage
 10990 | D:9      | Reached skill level 5 in Bows
 11592 | D:9      | Found a staircase to the Lair.
 11597 | Lair:1   | Entered Level 1 of the Lair of Beasts
 11969 | Lair:1   | Reached XP level 11. HP: 60/60 MP: 12/12
 12777 | Lair:2   | Noticed a seven-headed hydra
 12790 | Lair:2   | Found a staircase to the Snake Pit.
 12792 | Lair:2   | Killed an oklob plant
 12993 | Lair:2   | Found a staircase to the Shoals.
 13116 | Lair:2   | Killed a seven-headed hydra
 14408 | Lair:3   | Reached skill level 10 in Fighting
 14521 | Lair:3   | Reached ** piety under Fedhas
 14820 | Lair:3   | Gained mutation: You heal very quickly. [Vine Stalker growth]
 14820 | Lair:3   | Reached XP level 12. HP: 67/67 MP: 13/13
 15121 | D:9      | Noticed a two-headed ogre
 15204 | Lair:4   | Got a pitted halberd
 15205 | Lair:4   | Identified the cursed +0 halberd of Guilt {protect, *Rage Int+3 SInv} (You found it on level 4 of the Lair of Beasts)
 16173 | Lair:5   | Found a staircase to the Slime Pits.
 16776 | Lair:5   | Reached skill level 10 in Bows
 17152 | Lair:5   | Reached *** piety under Fedhas
 17922 | Lair:6   | Entered Level 6 of the Lair of Beasts
 17946 | Lair:6   | Noticed a catoblepas
 18018 | Lair:6   | Found a blossoming altar of Fedhas.
 18075 | Lair:6   | Noticed a dire elephant
 18129 | Lair:6   | Killed a dire elephant
 18129 | Lair:6   | Reached XP level 13. HP: 52/75 MP: 8/14
 20570 | Lair:6   | Reached skill level 8 in Dodging
 21405 | D:10     | Entered Level 10 of the Dungeon
 21405 | D:10     | Found Aqiom's Antique Armour Emporium.
 21409 | D:10     | Found a portal to a secret trove of treasure.
 21473 | D:10     | Found Achepp's General Store.
 21601 | D:10     | Noticed Erolcha
 21602 | D:10     | Found Patumpaf's Jewellery Shop.
 21612 | D:10     | Killed Erolcha
 21612 | D:10     | Reached skill level 9 in Dodging
 22035 | D:9      | Reached XP level 14. HP: 76/81 MP: 13/15
 22123 | D:9      | Identified the Disquisition on Cloudy Transmigration
 22131 | D:9      | Got a twisted plate armour
 22134 | D:9      | Got a bloodstained ring mail
 22145 | D:9      | Identified the +5 ring mail of Dogma {rN+ Int+2} (You found it on level 9 of the Dungeon)
 22155 | D:9      | Identified the +9 plate armour of Ycev {MR+} (You found it on level 9 of the Dungeon)
 22271 | D:9      | Reached **** piety under Fedhas
 22300 | D:9      | Reached skill level 10 in Dodging
 22532 | D:9      | Got a scorched flail {flame}
 22537 | D:9      | Identified the +8 flail of voivode's Doom {flame, +Fly Str+4} (You took it off an efreet on level 9 of the Dungeon)
 22735 | D:10     | Noticed Fannar
 22755 | D:10     | Killed Fannar
 22755 | D:10     | Reached skill level 1 in Maces & Flails
 22872 | D:10     | Found Ekhal's Gadget Boutique.
 23085 | D:10     | Found Lomal's General Store.
 24001 | D:11     | Reached skill level 1 in Armour
 24001 | D:11     | Reached skill level 11 in Dodging
 24424 | D:12     | Found Nosaw's Assorted Antiques.
 24906 | D:12     | Reached skill level 5 in Maces & Flails
 24958 | D:12     | Found a staircase to the Orcish Mines.
 25274 | D:12     | Noticed Nergalle
 25285 | D:12     | Killed Nergalle
 25522 | Orc:1    | Entered Level 1 of the Orcish Mines
 25525 | Orc:1    | Noticed Harold
 25605 | D:12     | Killed Harold
 25792 | Orc:2    | Entered Level 2 of the Orcish Mines
 25792 | Orc:2    | Noticed an orc warlord
 26221 | Orc:2    | Reached ***** piety under Fedhas
 26233 | Orc:2    | Killed an orc warlord
 26338 | Orc:2    | Found Onoc's Food Boutique.
 26396 | Orc:2    | Found a frozen archway.
 26419 | IceCv    | Entered an ice cave
 26477 | Orc:2    | Found a staircase to the Elven Halls.
 26492 | Orc:2    | Noticed Sonja
 26818 | Orc:1    | Reached XP level 15. HP: 85/85 MP: 16/16
 26976 | Orc:2    | Reached skill level 12 in Dodging
 27189 | Orc:2    | Found Cesom's Antique Weapon Boutique.
 27431 | Orc:2    | Found Nonefihu's General Store.
 27432 | Orc:2    | Found Agoyrutenni's Armour Emporium.
 27442 | Orc:2    | Found Uduikkam's Weapon Shop.
 27630 | Orc:1    | Killed Sonja
 27989 | D:12     | Noticed Josephine
 28002 | D:12     | Killed Josephine
 28388 | D:13     | Found a gate to the Vaults.
 28401 | D:13     | Reached skill level 5 in Armour
 28569 | D:13     | Reached skill level 13 in Dodging
 28678 | D:13     | Found Utyhioz's Food Shop.
 30190 | D:14     | Found an opulent altar of Gozag.
 30323 | D:15     | Entered Level 15 of the Dungeon
 30344 | D:15     | Killed from afar by a deep elf knight

Skill      XL: |  1  2  3  4  5  6  7  8  9 10 11 12 13 14 15 |
---------------+----------------------------------------------+-----
Fighting       | 3 4 5 8 10 12 | 12.8
Stealth        | 3 4 5 6 8 |  8.3
Bows           | 3 6 9 11 12 | 12.0
Dodging        | 2 5 7 9 11 13 | 13.4
Slings         | 3 6 |  6.2
Maces & Flails | 7 9 |  9.7
Armour         | 3 5 |  5.9
Short Blades   | |  1.0

Action                   |  1- 3 |  4- 6 |  7- 9 | 10-12 | 13-15 || total
-------------------------+-------+-------+-------+-------+-------++-------
Melee: Dagger            |   110 |   112 |     9 |   398 |   229 ||   858
       Bite              |    26 |    26 |     3 |   189 |   588 ||   832
       Unarmed           |       |       |       |     2 |       ||     2
       Hunting sling     |       |       |       |       |     1 ||     1
       Flail             |       |       |       |       |  1023 ||  1023
 Fire: Shortbow          |    23 |    57 |    42 |       |    29 ||   151
       Hunting sling     |       |    55 |   422 |   695 |   458 ||  1630
       Blowgun           |       |       |    15 |     8 |       ||    23
Throw: Stone             |     9 |     7 |       |       |       ||    16
       Throwing net      |       |       |       |     1 |     1 ||     2
Invok: Fungal Bloom      |       |       |    25 |    66 |    81 ||   172
       Evolution         |       |       |     3 |    18 |    25 ||    46
       Sunlight          |       |       |       |       |     1 ||     1
Evoke: Wand              |       |       |       |     8 |     7 ||    15
  Use: Scroll            |       |     7 |    10 |    10 |     9 ||    36
       Potion            |       |     1 |     2 |     2 |       ||     5
 Stab: Sleeping          |     3 |     6 |     2 |    10 |       ||    21
       Confused          |       |       |       |     5 |    12 ||    17
       Petrified         |       |       |       |     5 |       ||     5
       Distracted        |       |       |       |     1 |     2 ||     3
  Eat: Chunk             |     3 |     8 |     7 |     7 |    30 ||    55
       Meat ration       |       |       |     2 |     2 |     2 ||     6
       Royal jelly       |       |       |       |     3 |     2 ||     5
       Bread ration      |       |       |       |     1 |       ||     1
Armor: Robe              |    24 |     8 |    19 |       |       ||    51
       Skin              |       |    38 |    88 |       |       ||   126
       Leather armour    |       |       |     2 |    62 |    87 ||   151
       Plate armour      |       |       |       |       |   693 ||   693
Dodge: Dodged            |    67 |    72 |   204 |   536 |  1207 ||  2086
